 Dungeon Crawl Stone Soup version 0.18.1-6-gd335043 (webtiles) character file.

102493 Moloch the Devastator (level 15, -5/84 HPs)
             Began as a Demonspawn Wizard on May 16, 2016.
             Was the Champion of Vehumet.
             Slain by a salamander stormcaller
             ... wielding a +0 halberd
              (24 damage)
             ... on level 14 of the Dungeon.
             The game lasted 01:47:52 (28823 turns).

Moloch the Devastator (Demonspawn Wizard)          Turns: 28823, Time: 01:47:56

Health: -5/84      AC:  8    Str:  7    XL:     15   Next: 86%
Magic:  0/34       EV: 12    Int: 23    God:    Vehumet [******]
Gold:   1549       SH:  0    Dex: 13    Spells: 8 memorised, 17 levels left

rFire  . . .     SeeInvis +     C - +8 hunting sling
rCold  + + .     Gourm    .     u - +2 robe {rC+}
rNeg   + + .     Faith    .     (no shield)
rPois  +         Spirit   +     (helmet unavailable)
rElec  +         Dismiss  .     K - +1 cloak
rCorr  .         Reflect  .     T - +1 pair of gloves {archery}
SustAt .         Harm     .     E - +0 pair of boots
MR     ++...                    F - amulet of regeneration
Stlth  ++........               D - ring of Noon {+Fly rC+ rN+ MR+ Str-2}
                                c - ring of see invisible (curse)

@: studying Fighting, very resistant to hostile enchantments, unstealthy
A: hooves 1, horns 3, agile 1, deformed body, dopey 1, frail 1, negative energy
resistance 1, poison resistance, electricity resistance, spiny 2, magic shield,
magic regeneration, magic link
a: Renounce Religion, Evoke Flight


You were on level 14 of the Dungeon.
You worshipped Vehumet.
Vehumet was exalted by your worship.
You were hungry.

You visited 4 branches of the dungeon, and saw 25 of its levels.
You also visited: Labyrinth.

You collected 2546 gold pieces.
You spent 997 gold pieces at shops.

Inventory:

Hand Weapons
 h - the +7 bardiche of the Shallot {flame, *Contam rElec rPois rF+}
   (You took it off a minotaur in a labyrinth)

   It has been specially enchanted to burn those struck by it, causing extra
   injury to most foes and up to half again as much damage against particularly
   susceptible opponents.
   Big, fiery blades are also staple armaments of hydra-hunters.
   It protects you from fire.
   It insulates you from electricity.
   It protects you from poison.
   It causes magical contamination when unequipped.
 C - a +8 hunting sling (weapon)
 M - a +2 halberd of flaming
 P - a +3 blowgun
Missiles
 g - 161 stones (quivered)
Armour
 u - a +2 robe of cold resistance (worn)
 E - a +0 pair of boots (worn)
 K - a +1 cloak (worn)
 T - a +1 pair of gloves of archery (worn)
Jewellery
 c - a cursed ring of see invisible (left hand)
 D - the ring of Noon (right hand) {+Fly rC+ rN+ MR+ Str-2}
   (You found it on level 11 of the Dungeon)

   [ring of strength]

   It affects your strength (-2).
   It protects you from cold.
   It protects you from negative energy.
   It affects your resistance to hostile enchantments.
   It lets you fly.
 F - an amulet of regeneration (around neck)
 S - an uncursed ring of sustain attributes
 Z - a +4 ring of protection
Wands
 j - a wand of digging (17/24)
 H - a wand of teleportation (9/9)
 Q - a wand of lightning (4/15)
Scrolls
 b - a scroll of teleportation
 e - 2 scrolls of recharging
 i - 2 scrolls of magic mapping
 m - a scroll of acquirement {unknown}
 n - 6 scrolls of amnesia {unknown}
 o - a scroll of enchant armour {unknown}
 p - 2 scrolls of blinking {unknown}
 y - 9 scrolls of remove curse
 B - a scroll of fog {unknown}
 L - 2 scrolls of summoning {unknown}
 N - 3 scrolls of noise {unknown}
 R - a scroll of silence {unknown}
 V - a scroll of torment {unknown}
Potions
 f - 10 potions of curing
 k - 4 potions of berserk rage
 l - a potion of cure mutation
 q - a potion of mutation
 r - 2 potions of flight
 t - 8 potions of brilliance
 w - 4 potions of lignification
 x - 2 potions of might
 A - a potion of cancellation
 J - 2 potions of magic
 O - 3 potions of agility
 W - 2 potions of resistance
 X - 4 potions of haste
Books
 z - a book of the Earth

   Spells                             Type                      Level
   a - Leda's Liquefaction            Hexes/Earth                  4
   b - Bolt of Magma                  Conjuration/Fire/Earth       5
   c - Statue Form                    Transmutation/Earth          6
   d - Iron Shot                      Conjuration/Earth            6
   e - Shatter                        Earth                        9
 U - a manual of Fighting
Miscellaneous
 a - a phantom mirror
Comestibles
 d - 17 bread rations
 s - 12 royal jellies
 v - 14 meat rations
 G - 7 beef jerkies
 I - 42 fruits


   Skills:
 - Level 1.7 Fighting
 - Level 1.7 Dodging
 - Level 1.7 Stealth
 + Level 15.6 Spellcasting
 + Level 15.9 Conjurations
 - Level 1.0 Summonings
 - Level 0.8 Translocations
 + Level 14.4 Fire Magic


You had 17 spell levels left.
You knew the following spells:

 Your Spells              Type           Power        Failure   Level  Hunger
a - Regeneration          Chrm/Necr      ###.......   12%         3    None
b - Blink                 Tloc           N/A          3%          2    None
c - Call Imp              Summ           ###.....     3%          2    None
d - Conjure Flame         Conj/Fire      ######..     1%          3    None
e - Mephitic Cloud        Conj/Pois/Air  #####...     1%          3    None
f - Searing Ray           Conj           ######       0%          2    None
g - Orb of Destruction    Conj           ######....   1%          7    ######.
h - Bolt of Fire          Conj/Fire      ######....   1%          6    ####...


Dungeon Overview and Level Annotations

Branches:
Dungeon (14/15)            Temple (1/1) D:7            Lair (8/8) D:10
  Swamp (0/4) Lair:4       Spider (0/4) Lair:6        Slime (0/6) Lair:6
    Orc (2/2) D:12            Elf (0/3) Orc:2
 Vaults: D:13-14

Altars:
Ashenzari
Cheibriados
Dithmenos
Elyvilon
Fedhas
Gozag
Kikubaaqudgha
Makhleb
Nemelex Xobeh
Okawaru
Pakellas
Qazlal
Ru
Sif Muna
Trog
Vehumet
Xom
Yredelemnul
Zin
The Shining One
Beogh

Shops:
D:5 [   D:7 !**   D:8 [   D:9 =   Orc:2 [([!


Innate Abilities, Weirdness & Mutations

You have a pair of large horns on your head.
You resist negative energy.
You are mostly covered in sharp spines.
When hurt, damage is shared between your health and your magic reserves.
You regenerate magic rapidly.
When low on magic, you restore magic in place of health.
You have large cloven feet.
You are agile. (Dex +2)
Armour fits poorly on your strangely shaped body.
You are dopey. (Int -2)
You are frail (-10% HP).
Your system is resistant to poisons.
You are resistant to electric shocks.


Message History

The crimson imp is struck by your spines.
You kill the crimson imp!
Vehumet accepts your kill.
You feel your power returning.
That beef jerky was delicious!
Unknown command.
Unknown command.
Casting: Orb of Destruction
Confirm with . or Enter, or press ? or * to list all spells.
You don't have enough magic to cast that spell.
Firing (i - inventory):
g - 162 stones (quivered)
Press: ? - help, Shift-Dir - straight line, f/p - salamander stormcaller
Aim: a salamander stormcaller, wielding a halberd (severely wounded)
You shoot a stone.
The stone hits the salamander stormcaller!
The salamander stormcaller is almost dead.
The salamander stormcaller hits you from afar with a halberd!
* * * LOW HITPOINT WARNING * * *
You are engulfed in flames!!
You die...

#(.##....
#...#........
#(?..).).....
#...[........
#(..(........
#(.(.........
#<(..........
#<"..........
#@(((†..(.%..
#(§p.(.......
#..N(...(....
#../p(.......
#............
#....p(.(....
#(.#...p.....
##.#....(....
###....(##''


You could see a salamander stormcaller and 4 humans.

Vanquished Creatures
  Gastronok (D:8)
  2 vault guards (D:14)
  A minotaur (Lab)
  An ice dragon (Lair:8)
  Harold (Lair:1)
  4 hydras
  A centaur warrior (D:12)
  Erica (D:8)
  11 death yaks
  3 ogre magi (Orc:2)
  2 tengu warriors (D:13)
  Nergalle (D:12)
  The ghost of Moloch the Cleaver, a novice FoFi of Okawaru (D:8)
  The ghost of no0bjke the Fighter, a novice GrBe of Trog (Lair:1)
  A fire crab (Lair:7)
  An unseen horror (D:12)
  2 lindwurms (Lair:8)
  4 hill giants
  A necromancer (D:14)
  2 cyclopes
  An orc sorcerer (Orc:1)
  A faun (Lair:2)
  2 ugly things
  36 elephants
  8 black mambas
  2 centaur skeletons
  13 spiny frogs
  9 komodo dragons
  7 torpor snails
  4 rime drakes
  2 jumping spiders (Lair:6)
  9 polar bears
  6 giant leeches (Lair:8)
  3 trolls
  12 two-headed ogres
  The ghost of F1L1N the Shield-Bearer, an amateur FoFi (D:6)
  9 slime creatures
  25 blink frogs
  2 boulder beetles
  5 raiju (Lair:8)
  2 shadows
  45 yaks
  3 redbacks (Lair:6)
  3 basilisks
  4 wyverns
  2 hungry ghosts
  12 hippogriffs
  16 humans (D:14)
  3 steam dragons
  3 vampire mosquitoes (D:14)
  8 wargs
  Edmund (D:5)
  7 hell hounds
  14 water moccasins
  13 porcupines
  18 orc warriors
  28 ogres
  A sky beast (D:12)
  3 wasps (Lair:8)
  An eye of draining (D:11)
  5 ice beasts
  2 phantoms
  14 black bears
  2 necrophages (D:8)
  23 wolves
  A centaur (D:10)
  18 crocodiles
  4 big kobolds
  23 giant frogs
  A gnoll sergeant (D:6)
  5 scorpions
  16 wights
  19 killer bees
  2 electric eels
  2 howler monkeys (D:14)
  4 centaur zombies
  6 crimson imps
  4 lava snakes (Lab)
  A giant frog zombie (D:8)
  22 hounds
  9 jellies
  A quasit (D:9)
  12 orc priests
  Crazy Yiuf (D:6)
  A giant frog skeleton (D:6)
  A gnoll shaman (D:7)
  16 iguanas
  18 orc wizards
  9 worker ants
  20 sheep
  2 hound skeletons
  8 gnolls
  15 adders
  86 river rats
  2 shadow imps
  12 white imps (Lair:5)
  An adder zombie (D:4)
  An ooze (D:2)
  An adder skeleton (D:5)
  20 worms
  3 dart slugs
  2 giant geckos
  75 orcs
  8 giant cockroaches
  15 goblins
  8 hobgoblins
  19 jackals
  2 quokkas
  4 ball pythons
  3 bats
  2 giant gecko skeletons
  4 giant newts
  22 kobolds
  A quokka skeleton (D:5)
  11 rats
  A bush (Lair:8)
  A butterfly (D:7)
  A fungus (Lair:8)
  3 plants (Lair:8)
981 creatures vanquished.

Vanquished Creatures (collateral kills)
  An orc warrior (Orc:1)
  A giant frog (Lair:1)
  Robin (D:2)
  An adder (D:2)
  A shadow imp (D:10)
5 creatures vanquished.

Vanquished Creatures (others)
  An ogre mage (Orc:2)
  A wyvern (D:10)
  A hippogriff (D:7)
  An ogre (D:7)
  9 fungi
  27 plants
40 creatures vanquished.

Grand Total: 1026 creatures vanquished

Notes
Turn   | Place    | Note
--------------------------------------------------------------
     0 | D:1      | Moloch the Demonspawn Wizard began the quest for the Orb.
     0 | D:1      | Reached XP level 1. HP: 13/13 MP: 4/4
   390 | D:1      | Gained mutation: When hurt, damage is shared between your health and your magic reserves. [demonic ancestry]
   390 | D:1      | Reached XP level 2. HP: 19/19 MP: 4/6
   803 | D:2      | Learned a level 2 spell: Blink
   806 | D:2      | Learned a level 2 spell: Call Imp
  1119 | D:1      | Gained mutation: You are partially covered in sharp spines. [demonic ancestry]
  1119 | D:1      | Reached XP level 3. HP: 23/24 MP: 4/8
  1660 | D:3      | Learned a level 3 spell: Conjure Flame
  1909 | D:3      | Reached XP level 4. HP: 30/30 MP: 8/10
  1995 | D:3      | Noticed Robin
  2105 | D:2      | Killed Robin
  2760 | D:4      | Learned a level 3 spell: Mephitic Cloud
  2839 | D:4      | Gained mutation: You are mostly covered in sharp spines. [demonic ancestry]
  2839 | D:4      | Reached XP level 5. HP: 33/35 MP: 8/11
  3062 | D:4      | Found a shimmering altar of Xom.
  3450 | D:5      | Entered Level 5 of the Dungeon
  3468 | D:5      | Noticed Edmund
  3496 | D:5      | Killed Edmund
  3496 | D:5      | Reached skill level 5 in Spellcasting
  3496 | D:5      | Reached XP level 6. HP: 41/41 MP: 5/13
  3834 | D:5      | Found Veemo's Antique Armour Shoppe.
  3840 | D:5      | Bought a pair of boots for 108 gold pieces
  3999 | D:5      | Reached skill level 5 in Conjurations
  4229 | D:6      | Noticed an ice beast
  4334 | D:6      | Got a steaming trident
  4394 | D:6      | Reached XP level 7. HP: 46/46 MP: 15/15
  4586 | D:6      | Noticed Crazy Yiuf
  4597 | D:6      | Killed Crazy Yiuf
  4781 | D:6      | Noticed F1L1N's ghost (amateur FoFi)
  4919 | D:6      | Killed F1L1N's ghost
  4919 | D:6      | Reached XP level 8. HP: 52/52 MP: 7/18
  5146 | D:6      | Identified the +1 trident "Vasoarr" {vamp, *Confuse +Blink MR- Stlth+} (You found it on level 6 of the Dungeon)
  5837 | D:7      | Found Fakyph's Distillery.
  5970 | D:7      | Found a staircase to the Ecumenical Temple.
  5989 | Temple   | Entered the Ecumenical Temple
  6029 | Temple   | Became a worshipper of Vehumet
  6293 | D:7      | Noticed a troll
  6303 | D:7      | Gained mutation: You have a pair of small horns on your head. [demonic ancestry]
  6303 | D:7      | Reached XP level 9. HP: 57/57 MP: 4/20
  6304 | D:7      | Killed a troll
  6304 | D:7      | Reached skill level 1 in Fire Magic
  6342 | D:7      | Found a shadowy altar of Dithmenos.
  6377 | D:7      | Found Ywoargh's Assorted Antiques.
  6536 | D:7      | Found Ginn's Assorted Antiques.
  6753 | D:7      | Reached * piety under Vehumet
  6753 | D:7      | Offered knowledge of Sting by Vehumet.
  6910 | D:8      | Noticed Erica
  7097 | D:8      | Killed Erica
  7097 | D:8      | Reached skill level 10 in Conjurations
  7359 | D:8      | Noticed Moloch's ghost (novice FoFi)
  7384 | D:8      | Killed Moloch's ghost
  7384 | D:8      | Gained mutation: You regenerate magic rapidly. [demonic ancestry]
  7384 | D:8      | Reached XP level 10. HP: 53/63 MP: 6/23
  7825 | D:8      | Noticed Gastronok
  7972 | D:8      | Killed Gastronok
  8272 | D:8      | Found Ocliapsa's Antique Armour Shoppe.
  8276 | D:8      | Bought a pair of glowing gloves for 121 gold pieces
  8316 | D:8      | Reached ** piety under Vehumet
  8316 | D:8      | Offered knowledge of Searing Ray by Vehumet.
  8326 | D:8      | Learned a level 2 spell: Searing Ray
  8895 | D:9      | Reached skill level 10 in Spellcasting
  8943 | D:9      | Reached skill level 5 in Fire Magic
  9082 | D:9      | Noticed a cyclops
  9097 | D:9      | Reached XP level 11. HP: 68/68 MP: 25/25
  9400 | D:9      | Found Lijiaz's Jewellery Shop.
  9509 | D:9      | Offered knowledge of Dazzling Spray by Vehumet.
  9515 | D:9      | Found an iron altar of Okawaru.
  9813 | D:10     | Entered Level 10 of the Dungeon
 10067 | D:10     | Found a staircase to the Lair.
 10350 | D:10     | Reached *** piety under Vehumet
 10419 | D:10     | Found an oddly glowing altar of Pakellas.
 10419 | D:10     | Noticed an orange crystal statue
 10475 | D:10     | Noticed an eight-headed hydra
 10936 | D:11     | Offered knowledge of Iskenderun's Mystic Blast by Vehumet.
 11189 | D:11     | Noticed a hill giant
 11204 | D:11     | Killed a hill giant
 11328 | D:11     | Reached **** piety under Vehumet
 11370 | D:11     | Offered knowledge of Ignite Poison by Vehumet.
 11618 | D:11     | Noticed a hill giant
 11632 | D:11     | Killed a hill giant
 11701 | D:11     | Reached skill level 10 in Fire Magic
 12265 | D:11     | Got a warped jade ring
 12267 | D:11     | Identified the cursed ring of Noon {+Fly rC+ rN+ MR+ Str-2} (You found it on level 11 of the Dungeon)
 12504 | D:12     | Gained mutation: Your system is resistant to poisons. [mutagenic meat]
 12505 | D:12     | Gained mutation: You have large cloven feet. [mutagenic meat]
 12506 | D:12     | Gained mutation: You are dopey. (Int -2) [mutagenic meat]
 12507 | D:12     | Gained mutation: You are frail (-10% HP). [mutagenic meat]
 12508 | D:12     | Gained mutation: You are agile. (Dex +2) [mutagenic meat]
 12509 | D:12     | Gained mutation: Armour fits poorly on your strangely shaped body. [mutagenic meat]
 12600 | D:12     | Gained mutation: You have a pair of horns on your head. [demonic ancestry]
 12600 | D:12     | Reached XP level 12. HP: 66/66 MP: 24/26
 12985 | D:12     | Noticed Nergalle
 13053 | D:12     | Killed Nergalle
 13298 | D:12     | Found a staircase to the Orcish Mines.
 13820 | Orc:1    | Entered Level 1 of the Orcish Mines
 14125 | Orc:2    | Entered Level 2 of the Orcish Mines
 14125 | Orc:2    | Found a staircase to the Elven Halls.
 14525 | Orc:2    | Reached ***** piety under Vehumet
 14630 | Orc:2    | Offered knowledge of Olgreb's Toxic Radiance by Vehumet.
 14873 | Orc:2    | Noticed an ogre mage
 14880 | Orc:2    | Killed an ogre mage
 14969 | Orc:2    | Noticed an ogre mage
 14980 | Orc:2    | Noticed an ogre mage
 14982 | Orc:2    | Killed an ogre mage
 15086 | Orc:2    | Killed an ogre mage
 15097 | Orc:2    | Noticed an ogre mage
 15121 | Orc:2    | Killed an ogre mage
 15401 | Orc:2    | Found Syadghiom's Antique Weapon Shop.
 15403 | Orc:2    | Found Yku Xuto's Distillery.
 15405 | Orc:2    | Found Zoxioq's Armour Shop.
 15405 | Orc:2    | Found Fusixt's Armour Emporium.
 15442 | Orc:2    | Bought a potion of resistance for 140 gold pieces
 15442 | Orc:2    | Bought 2 potions of brilliance for 112 gold pieces
 15766 | Orc:1    | Found a roughly hewn altar of Beogh.
 15775 | Orc:1    | Reached skill level 1 in Fighting
 16025 | Lair:1   | Entered Level 1 of the Lair of Beasts
 16025 | Lair:1   | Noticed no0bjke's ghost (novice GrBe)
 16040 | Lair:1   | Killed no0bjke's ghost
 16040 | Lair:1   | Reached XP level 13. HP: 73/73 MP: 20/27
 16348 | Lair:1   | Noticed Harold
 16447 | Lair:1   | Offered knowledge of Irradiate by Vehumet.
 16710 | D:7      | Bought a papyrus book for 360 gold pieces
 16729 | D:7      | Learned a level 7 spell: Orb of Destruction
 17058 | Lair:1   | Killed Harold
 20041 | Lair:4   | Offered knowledge of Bolt of Fire by Vehumet.
 20053 | Lair:4   | Learned a level 6 spell: Bolt of Fire
 20105 | Lair:4   | Found a staircase to the Swamp.
 20872 | Lair:5   | Found a labyrinth entrance.
 20884 | Lab      | Entered a labyrinth
 21481 | Lab      | Noticed a minotaur
 21484 | Lab      | Killed a minotaur
 21484 | Lab      | Gained mutation: When low on magic, you restore magic in place of health. [demonic ancestry]
 21484 | Lab      | Reached XP level 14. HP: 80/80 MP: 11/30
 21496 | Lab      | Got a translucent bardiche {flame}
 21498 | Lab      | Identified the +7 bardiche of the Shallot {flame, *Contam rElec rPois rF+} (You took it off a minotaur in a labyrinth)
 21528 | Lab      | Identified the Collected Works on Clay (You found it in a labyrinth)
 21550 | Lab      | Identified Sojaren's Disquisition on Boosts (You found it in a labyrinth)
 21554 | Lab      | Identified the Papyrus of the Voyage (You found it in a labyrinth)
 21567 | Lair:5   | Learned a level 3 spell: Regeneration
 21635 | Lair:5   | Gained mutation: You are resistant to electric shocks. [potion of mutation]
 21635 | Lair:5   | Gained mutation: You have a pair of large horns on your head. [potion of mutation]
 22202 | Lair:5   | Offered knowledge of Freezing Cloud by Vehumet.
 23223 | Lair:6   | Found a sacrificial altar of Ru.
 23302 | Lair:6   | Found a hole to the Spider Nest.
 23738 | Lair:6   | Found a staircase to the Slime Pits.
 24146 | Lair:7   | Offered knowledge of Delayed Fireball by Vehumet.
 25063 | Lair:8   | Entered Level 8 of the Lair of Beasts
 25253 | Lair:8   | Gained mutation: You resist negative energy. [demonic ancestry]
 25253 | Lair:8   | Reached XP level 15. HP: 83/84 MP: 15/33
 25349 | Lair:8   | Reached skill level 15 in Conjurations
 25458 | Lair:8   | Reached ****** piety under Vehumet
 25503 | Lair:8   | Offered knowledge of Bolt of Cold by Vehumet.
 25800 | Lair:8   | Found a runed door.
 26108 | Lair:8   | Reached skill level 15 in Spellcasting
 26871 | Lair:8   | Offered knowledge of Poison Arrow by Vehumet.
 27630 | D:9      | Bought a cursed ring of see invisible for 156 gold pieces
 28035 | D:13     | Found an iron altar of Okawaru.
 28823 | D:14     | Slain by a salamander stormcaller

Skill      XL: |  1  2  3  4  5  6  7  8  9 10 11 12 13 14 15 |
---------------+----------------------------------------------+-----
Spellcasting   | 4 5 6 7 9 10 12 14 15 | 15.6
Conjurations   | 2 3 4 5 7 8 10 11 12 13 14 15 | 15.9
Fire Magic     | 3 5 10 13 14 | 14.4
Fighting       | 1 |  1.7
Dodging        | |  1.7
Stealth        | |  1.7
Summonings     | |  1.0
Translocations | |  0.8

Action                   |  1- 3 |  4- 6 |  7- 9 | 10-12 | 13-15 || total
-------------------------+-------+-------+-------+-------+-------++-------
Melee: Unarmed           |     1 |       |       |       |       ||     1
       Morningstar       |       |       |     7 |     2 |       ||     9
       Halberd           |       |       |       |    14 |       ||    14
       Hunting sling     |       |       |       |     2 |       ||     2
 Fire: Hunting sling     |    25 |   126 |   471 |  1039 |  1450 ||  3111
 Cast: Magic Dart        |    93 |    42 |       |       |       ||   135
       Call Imp          |     1 |     2 |       |    24 |     4 ||    31
       Blink             |       |     2 |     2 |     9 |     9 ||    22
       Mephitic Cloud    |       |     7 |    39 |   100 |    21 ||   167
       Conjure Flame     |       |       |    18 |    42 |     5 ||    65
       Orb of Destructio |       |       |       |       |    37 ||    37
       Searing Ray       |       |       |       |       |     3 ||     3
       Bolt of Fire      |       |       |       |       |   169 ||   169
Evoke: Wand              |       |       |       |       |     1 ||     1
  Use: Scroll            |       |     4 |     2 |     9 |    14 ||    29
       Potion            |       |       |     2 |     5 |     2 ||     9
  Eat: Chunk             |     3 |     7 |     8 |    31 |    83 ||   132
       Fruit             |       |       |     1 |       |       ||     1
       Royal jelly       |       |       |       |     1 |     1 ||     2
       Pizza             |       |       |       |     1 |     2 ||     3
       Beef jerky        |       |       |       |       |     3 ||     3
Armor: Robe              |     4 |     6 |    11 |    65 |   217 ||   303
       Skin              |       |       |    12 |     2 |       ||    14
Dodge: Dodged            |    13 |    10 |    32 |   111 |   384 ||   550
